 Dungeon Crawl Stone Soup version 0.30-a0-234-g97d66968fd (webtiles) character file.

Game seed: 3805536666633315796

4272 HessuHobo the Cleaver (level 10, -2/85 (94) HPs)
             Began as a Minotaur Berserker on Oct 10, 2022.
             Was a Believer of Trog.
             Slain by a wight
             ... wielding a +3 falchion
              (4 damage)
             ... on level 8 of the Dungeon.
             The game lasted 00:17:27 (7344 turns).

HessuHobo the Cleaver (Minotaur Berserker)          Turns: 7344, Time: 00:17:27

HP:   -2/85 (94)    AC: 12    Str: 26    XL:     10   Next: 10%
MP:   9/9           EV:  7    Int:  8    God:    Trog [**....]
Gold: 267           SH: 10    Dex:  8    Spells: 9/9 levels left

rFire   . . .      SeeInvis .    c - +0 hand axe (vorpal)
rCold   . . .      Faith    .    o - +0 kite shield
rNeg    . . .      Spirit   .    k - +0 chain mail
rPois   +          Reflect  .    (helmet restricted)
rElec   .          Harm     .    i - +0 cloak
rCorr   .          Rampage  .    p - +0 pair of gloves
Will    .....                    L - +0 pair of boots
Stlth   ..........               w - amulet of the acrobat
HPRegen 0.34/turn                n - ring of flight
MPRegen 0.11/turn                (no ring)

@: on berserk cooldown, flying, slowed, drained, very slow
A: horns 2, retaliatory headbutt, hooves 1, clever 1, poison resistance
a: Renounce Religion, Berserk, Trog's Hand


You were on level 8 of the Dungeon.
You worshipped Trog.
Trog was pleased with you.
You visited 1 branch of the dungeon, and saw 8 of its levels.

You collected 267 gold pieces.

Inventory:

Hand Weapons
 a - a +0 hand axe
 c - a +0 vorpal hand axe (weapon)
 G - a +0 war axe
Missiles
 j - 29 poisoned darts (quivered)
 M - 2 curare-tipped darts
Armour
 b - a +0 animal skin
 f - a +0 ring mail
 i - a +0 cloak (worn)
 k - a +0 chain mail (worn)
 o - a +0 kite shield (worn)
 p - a +0 pair of gloves (worn)
 L - a +0 pair of boots (worn)
Jewellery
 n - a ring of flight (left hand)
 w - an amulet of the acrobat (around neck)
 O - an amulet of guardian spirit
Wands
 t - a wand of flame (31)
 B - a wand of roots (26)
 P - a wand of digging (5)
Scrolls
 d - 4 scrolls of fear
 e - a scroll of enchant weapon
 s - 2 scrolls of torment {unknown}
 u - 3 scrolls of poison
 v - 2 scrolls of enchant armour
 x - 3 scrolls of teleportation
 y - 2 scrolls of magic mapping {unknown}
 C - a scroll of vulnerability {unknown}
 D - a scroll of summoning {unknown}
 E - 2 scrolls of butterflies {unknown}
 F - a scroll of immolation {unknown}
 I - 2 scrolls of noise {unknown}
 J - a scroll of amnesia {unknown}
 N - a scroll of blinking {unknown}
Potions
 g - 3 potions of flight
 h - a potion of attraction {unknown}
 l - 2 potions of mutation
 m - a potion of berserk rage {unknown}
 q - 3 potions of curing
 r - 2 potions of invisibility
 z - 2 potions of lignification
 A - a potion of resistance {unknown}
 K - a potion of might {unknown}


   Skills:
 + Level 10.5 Fighting
 + Level 10.6 Axes
 - Level 4.0 Throwing
 - Level 2.4 Armour
 - Level 2.1 Dodging
 + Level 9.3 Shields


You had 9 spell levels left.
You didn't know any spells.
Your spell library was empty.

Dungeon Overview and Level Annotations

Branches:
Dungeon (8/15)             Temple (0/1) D:5
   Lair: D:8-11

Altars:
Ashenzari
Cheibriados
Dithmenos
Fedhas
Gozag
Hepliaklqana
Kikubaaqudgha
Nemelex Xobeh
Qazlal
Ru
Trog
Vehumet
Xom
The Shining One

Shops:
D:5 [   D:7 (:[=

Annotations:
D:4 1 runed translucent door, Dwachs's ghost, amateur AtFi
D:5 3 runed translucent doors, fly's ghost, weakling DgDe


Innate Abilities, Weirdness & Mutations

You have a pair of horns on your head.
You reflexively headbutt those who attack you in melee.
You have large cloven feet.
Your mind is acute. (Int +4, Str/Dex -1)
Your system is resistant to poisons. (rPois)


Message History

The orc wizard casts a spell at you. The magic dart hits you!
The wight hits you with a +3 falchion.
* * * LOW HITPOINT WARNING * * *
You feel drained.
* * * LOW HITPOINT WARNING * * *
You slash the wight! Your headbutt misses the wight.
The wight is severely damaged.
You slash the orc wizard!
You kill the orc wizard!
Trog accepts your kill.
Trog appreciates your killing of a magic user.
You block the wight's attack. The wight hits you with a +3 falchion.
* * * LOW HITPOINT WARNING * * *
You feel drained.
* * * LOW HITPOINT WARNING * * *
You hit the wight but do no damage.
The wight is severely damaged.
You hit the wight but do no damage.
The wight hits you with a +1 long sword of electrocution.
* * * LOW HITPOINT WARNING * * *
The wight hits you but does no damage.
You feel much better. You block the wight's attack.
The wight barely misses you. You furiously retaliate!
You headbutt the wight. You barely miss the wight.
The wight is severely damaged.
You hit the wight. The wight closely misses you. You block the wight's attack.
The wight hits you with a +1 long sword of electrocution!
You feel drained. You block the wight's attack.
You closely miss the wight.
You headbutt the wight, but do no damage.
The wight is severely damaged.
You hit the wight.
The wight hits you with a +1 long sword of electrocution.
* * * LOW HITPOINT WARNING * * *
You feel drained.
* * * LOW HITPOINT WARNING * * *
You are electrocuted!!
* * * LOW HITPOINT WARNING * * *
The wight hits you with a +3 falchion.
You die...

#...#####.#.#.
#.............
####...#####..#.#.
...................
..............#.#.#.#
.....................
###..........#.#.#. .
#.#....##.#.......
#.#...)##@#.#.#.#.# #
#....##zz).......
......####..#.#.#
###...## #........
#... ###.#.#.# ####
#.... ..... ###


You could see 2 wights.

Vanquished Creatures
  Amaemon (D:8)
  An orange demon (D:8)
  A wyvern (D:7)
  Menkaure (D:6)
  4 water moccasins
  Duvessa (D:5)
  3 black bears
  2 ogres
  An ice beast (D:6)
  A phantom (D:7)
  3 kobold brigands
  Blork the orc (D:5)
  6 bullfrogs
  A necrophage (D:6)
  2 gnoll sergeants
  2 scorpions
  Dowan (D:5)
  A wight (D:8)
  5 killer bees (D:6)
  3 howler monkeys (D:8)
  3 orc priests
  4 hounds
  Crazy Yiuf (D:3)
  6 iguanas
  Jessica (D:3)
  A gnoll bouda (D:5)
  Terence (D:2)
  2 orc wizards
  3 gnolls
  5 adders
  A shadow imp (D:5)
  2 white imps
  An ufetubus (D:7)
  2 worms
  2 dart slugs
  13 orcs
  5 endoplasms
  4 giant cockroaches
  9 hobgoblins
  2 jackals (D:1)
  11 kobolds
  2 quokkas
  3 ball pythons
  2 frilled lizards (D:1)
  4 goblins
  5 rats
136 creatures vanquished.

Vanquished Creatures (others)
  A human (D:6)
1 creature vanquished.

Grand Total: 137 creatures vanquished

Notes
Turn   | Place    | Note
-------+----------+-------------------------------------------
     0 | D:1      | HessuHobo the Minotaur Berserker began the quest for the
                  | Orb.
     0 | D:1      | Reached XP level 1. HP: 19/19 MP: 0/0
   129 | D:1      | Reached XP level 2. HP: 27/27 MP: 1/1
   812 | D:2      | Reached XP level 3. HP: 23/34 MP: 2/2
   918 | D:2      | Noticed Terence
   936 | D:2      | Killed Terence
   937 | D:2      | Reached skill level 1 in Throwing
  1164 | D:2      | Found a radiant altar of Vehumet.
  1662 | D:3      | Reached XP level 4. HP: 39/41 MP: 3/3
  1866 | D:3      | Reached skill level 1 in Shields
  1924 | D:3      | Reached ** piety under Trog
  1987 | D:3      | Noticed an ogre
  1998 | D:3      | Killed an ogre
  1999 | D:3      | Reached skill level 5 in Fighting
  1999 | D:3      | Reached skill level 5 in Axes
  1999 | D:3      | Reached XP level 5. HP: 31/48 MP: 4/4
  2146 | D:3      | Found a runed translucent door.
  2147 | D:3      | Noticed Crazy Yiuf
  2343 | D:3      | Noticed Jessica
  2344 | D:3      | Killed Jessica
  2473 | D:3      | Found a stormy altar of Qazlal.
  2555 | D:3      | Killed Crazy Yiuf
  2656 | D:4      | Found a runed translucent door.
  2656 | D:4      | Noticed Dwachs's ghost (amateur AtFi)
  2681 | D:4      | Identified the +1 rapier "Bocuceist" {vorpal, Dex+4}
  2709 | D:4      | Reached XP level 6. HP: 56/56 MP: 5/5
  2768 | D:4      | Found a blossoming altar of Fedhas.
  2969 | D:4      | Found a broken altar of Ashenzari.
  2971 | D:4      | Found a bloodstained altar of Trog.
  2985 | D:4      | Found a sparkling altar of Nemelex Xobeh.
  2986 | D:4      | Found a sacrificial altar of Ru.
  2988 | D:4      | Found a snail-covered altar of Cheibriados.
  2989 | D:4      | Found an opulent altar of Gozag.
  2995 | D:4      | Found a hazy altar of Hepliaklqana.
  2996 | D:4      | Found a shimmering altar of Xom.
  3198 | D:4      | Found a glowing drain.
  3415 | D:5      | Entered Level 5 of the Dungeon
  3474 | D:5      | Noticed Dowan
  3475 | D:5      | Noticed Duvessa
  3490 | D:5      | Killed Duvessa
  3494 | D:5      | Killed Dowan
  3495 | D:5      | Reached XP level 7. HP: 36/63 MP: 6/6
  3618 | D:5      | HP: 2/63 [water moccasin (7)]
  4025 | D:5      | Found Okaluon's Antique Armour Emporium.
  4100 | D:5      | Reached skill level 5 in Shields
  4100 | D:5      | Reached XP level 8. HP: 30/73 MP: 7/7
  4355 | D:5      | Gained mutation: Your system is resistant to poisons.
                  | (rPois) [potion of mutation]
  4355 | D:5      | Gained mutation: Your mind is acute. (Int +4, Str/Dex -1)
                  | [potion of mutation]
  4355 | D:5      | Gained mutation: You have large cloven feet. [potion of
                  | mutation]
  4360 | D:5      | Found a runed translucent gate.
  4361 | D:5      | Found a runed translucent gate.
  4361 | D:5      | Found a runed translucent gate.
  4369 | D:5      | Noticed fly's ghost (weakling DgDe)
  4378 | D:5      | Noticed Blork the orc
  4387 | D:5      | Killed Blork the orc
  4609 | D:5      | Found a staircase to the Ecumenical Temple.
  4983 | D:6      | Found a shadowy altar of Dithmenos.
  5279 | D:6      | Found an ancient bone altar of Kikubaaqudgha.
  5500 | D:6      | Reached XP level 9. HP: 75/82 MP: 8/8
  5585 | D:6      | Noticed Menkaure
  5591 | D:6      | Killed Menkaure
  6058 | D:7      | Found Fennydin's Jewellery Emporium.
  6058 | D:7      | Found Alipikh's Antique Armour Emporium.
  6058 | D:7      | Found Sog Exaj's Book Emporium.
  6064 | D:7      | Found Lulon's Antique Weapon Emporium.
  6402 | D:7      | Found a glowing golden altar of the Shining One.
  7060 | D:8      | Noticed Amaemon
  7078 | D:8      | Killed Amaemon
  7079 | D:8      | Reached skill level 10 in Fighting
  7079 | D:8      | Reached skill level 10 in Axes
  7083 | D:8      | Noticed an orange demon
  7097 | D:8      | Killed an orange demon
  7098 | D:8      | Reached XP level 10. HP: 66/94 MP: 9/9
  7344 | D:8      | HP: 2/85 [wight/+1 long sword of electrocution (20)]
  7344 | D:8      | Slain by a wight

Illustrated notes

Levels and vault maps discovered:
D:1:      dpeg_arrival_arbitrary_c, layout_basic, minmay_tromino_v2
D:2:      layout_rooms, basic_altar, uniq_terence
D:3:      layout_basic, general_overflow_altar, uniq_jessica,
          uniq_crazy_yiuf_cottage
D:4:      layout_loops_cross, nicolae_overflow_crystal_walls,
          nicolae_overflow_hallway_of_the_gods, hellmonk_ghost_happy_afterlife,
          portal_sewer_entry_d, palyth_stone_intersect
D:5:      minmay_diamond_boxcup, layout_rooms, minmay_temple_entry_proselytizer,
          gammafunk_ghost_split, serial_shops, nicolae_shop_waterfront,
          lemuel_flame_loot_1, uniq_blork_the_orc, uniq_duvessa
D:6:      nicolae_cairo_tiling_large, layout_basic, tgw_kikubaaqudgha,
          grunt_dithmenos_smoke_and_mirrors, st_stairs_7, dk_noncrumbling_2,
          uniq_menkaure
D:7:      layout_loops_corners, nicolae_tso_carved_into_rock, st_stairs_12,
          minmay_shop_grid_forest, minmay_misc_feat_chi, nicolae_zen_rock_garden
D:8:      layout_loops_cross, grunt_ogre_cave, kennysheep_small_spiral,
          hex_medium, uniq_gastronok, uniq_amaemon

Skill      XL: |  1  2  3  4  5  6  7  8  9 |
---------------+----------------------------+-----
Fighting       | 4 5 6 7 8 10 | 10.5
Axes           | 4 5 6 7 8 10 | 10.6
Throwing       | 1 2 3 4 |  4.0
Shields        | 2 3 5 7 9 |  9.3
Armour         | |  2.4
Dodging        | |  2.1

Action                   |  1- 3 |  4- 6 |  7- 9 | 10-12 || total
-------------------------+-------+-------+-------+-------++-------
Melee: Hand axe          |    78 |   102 |   276 |    48 ||   504
       Headbutt          |     9 |    12 |    47 |     7 ||    75
       Kick              |       |       |    42 |       ||    42
Throw: Dart              |       |     3 |       |       ||     3
Invok: Berserk           |       |     2 |     3 |     1 ||     6
       Trog's Hand       |       |       |     3 |       ||     3
  Use: Scroll            |     2 |       |     7 |       ||     9
       Potion            |       |       |     1 |     1 ||     2
Armor: Animal skin       |     1 |       |       |       ||     1
       Ring mail         |     5 |       |       |       ||     5
       Chain mail        |    18 |    35 |   133 |    19 ||   205
Dodge: Dodged            |    34 |    24 |    77 |    13 ||   148
Block: Kite shield       |     4 |    37 |   126 |    13 ||   180

Table legend: (Time is in decaauts)
 A = Elapsed time spent in this place.
 B = Non-inter-level travel time spent in this place.
 C = Inter-level travel time spent in this place.
 D = Time resting spent in this place.
 E = Time spent auto-exploring this place.
 F = Levels seen in this place.
 G = Mean time per level.
                   A        B        C        D        E       F      G
               +--------+--------+--------+--------+--------+-----+--------+
         Total |   7440 |   7181 |    259 |   1723 |   4241 |   8 |  930.0 |
       Dungeon |   7440 |   7181 |    259 |   1723 |   4241 |   8 |  930.0 |
               +--------+--------+--------+--------+--------+-----+--------+

Top non-repeatable levels by time:
     D:5: 1467 daAuts
     D:3: 1284 daAuts
     D:7: 1199 daAuts
     D:6: 873 daAuts
     D:4: 807 daAuts
     D:1: 772 daAuts
     D:2: 591 daAuts
     D:8: 444 daAuts
